 Dungeon Crawl Stone Soup version 0.20.0-10-g0535bb4 (webtiles) character file.

343 JarielCorvus the Thaumaturge (level 6, -11/32 HPs)
             Began as a Deep Elf Wizard on June 3, 2017.
             Was an Initiate of Vehumet.
             Mangled by a wyvern zombie (13 damage)
             ... on level 4 of the Dungeon.
             The game lasted 00:09:37 (2922 turns).

JarielCorvus the Thaumaturge (Deep Elf Wizard)      Turns: 2922, Time: 00:09:38

Health: -11/32     AC:  3    Str:  4    XL:     6   Next: 31%
Magic:  4/19       EV: 13    Int: 25    God:    Vehumet [......]
Gold:   186        SH:  0    Dex: 13    Spells: 10/21 levels left

rFire    + . .     SeeInvis +   j - +0 short sword
rCold    . . .     Gourm    .   (no shield)
rNeg     . . .     Faith    .   g - +1 robe
rPois    .         Spirit   .   b - +0 hat
rElec    .         Reflect  .   (no cloak)
rCorr    .         Harm     .   (no gloves)
MR       .....                  (no boots)
Stlth    ++........             (no amulet)
Regen    0.1/turn               i - ring of protection from fire
MPRegen  0.2/turn               e - ring of see invisible

@: very slightly contaminated
A: no striking features
a: Renounce Religion


You were on level 4 of the Dungeon.
You worshipped Vehumet.
Vehumet was noncommittal.
You were hungry.

You visited 2 branches of the dungeon, and saw 6 of its levels.

You collected 186 gold pieces.

Inventory:

Hand Weapons
 j - a +0 short sword (weapon)
Armour
 a - a +0 robe
 b - a +0 hat (worn)
 g - a +1 robe (worn)
Jewellery
 e - a ring of see invisible (right hand)
 i - a ring of protection from fire (left hand)
 o - an uncursed amulet of regeneration {unknown}
Wands
 s - a wand of disintegration (13/24)
 t - a wand of enslavement (10/24)
Scrolls
 f - a scroll of remove curse
 h - 2 scrolls of fog
 k - a scroll of magic mapping
 l - a scroll of immolation
 q - a scroll of amnesia {unknown}
 r - 2 scrolls of teleportation
 v - a scroll of random uselessness {unknown}
Potions
 m - 2 potions of curing {unknown}
 n - 2 potions of haste {unknown}
Books
 c - a book of Minor Magic

   Spells                             Type                      Level
   a - Magic Dart                     Conjuration                  1
   b - Blink                          Translocation                2
   c - Call Imp                       Summoning                    2
   d - Slow                           Hexes                        2
   e - Conjure Flame                  Conjuration/Fire             3
   f - Mephitic Cloud                 Conjuration/Poison/Air       3
Comestibles
 d - 3 bread rations
 p - 2 royal jellies
 u - a meat ration


   Skills:
 - Level 2.4 Dodging
 - Level 2.4 Stealth
 * Level 8.2 Spellcasting
 + Level 4.1 Conjurations
 - Level 1.1 Summonings
 - Level 1.1 Translocations


You had 10 spell levels left.
You knew the following spells:

 Your Spells              Type           Power        Failure   Level  Hunger
a - Magic Dart            Conj           ####         1%          1    None
b - Blink                 Tloc           N/A          5%          2    None
c - Call Imp              Summ           ###.....     5%          2    None
d - Conjure Flame         Conj/Fire      ###.....     8%          3    None
e - Mephitic Cloud        Conj/Pois/Air  ###.....     10%         3    None


Dungeon Overview and Level Annotations

Branches:
Dungeon (5/15)             Temple (1/1) D:4

Altars:
Ashenzari
Cheibriados
Dithmenos
Elyvilon
Fedhas
Gozag
Hepliaklqana
Kikubaaqudgha
Makhleb
Nemelex Xobeh
Okawaru
Qazlal
Ru
Sif Muna
Trog
Uskayaw
Vehumet
Xom
Yredelemnul
Zin
The Shining One


Message History

Casting: Magic Dart
Confirm with . or Enter, or press ? or * to list all spells.
You miscast Call Imp.
You are very lightly contaminated with residual magic.
A fistful of eyes flickers past your view.
The wyvern zombie closely misses you.
Casting: Call Imp
Confirm with . or Enter, or press ? or * to list all spells.
A beastly little devil appears in a puff of flame.
The wyvern zombie completely misses you.
The wyvern zombie bites you but does no damage.
The wyvern zombie barely misses you.
You are feeling hungry.
The wyvern zombie bites you!
* * * LOW HITPOINT WARNING * * *
Casting: Call Imp
Confirm with . or Enter, or press ? or * to list all spells.
A beastly little devil appears in a puff of frigid air.
The wyvern zombie bites you!
You die...

######### # ##### #....†... #
####...# #.####### # #....###
#5#.....# # ###.##.# #.#.### #
#.(..#.# #.....#
######.####.#########.#.#
..)#........#.5.@Z5...#.#
##.#.##.#####.#########.####.#
#.#....# #######........#
#.#....#.# #.........#......
##.#.##.#.# #.#####.#.#....##
......(.#.# #.# ###.#.# #†.#
.########.### #.# #.....# ....
.(....#.....# #.#
##..###.#.<.. ..###.#.#.#.#
#.####........ ..


You could see a wyvern zombie, a friendly crimson imp and a friendly white imp.

Vanquished Creatures
  The ghost of Turtleman12345 the Conjurer, an amateur TeCj of Ru (D:3)
  A jelly (D:4)
  A bullfrog skeleton (D:3)
  Ijyb (D:3)
  2 iguanas
  A worker ant (D:4)
  2 adders
  An adder skeleton (D:4)
  2 worms
  A dart slug (D:1)
  3 leopard geckos
  8 orcs
  A giant cockroach (D:2)
  6 goblins
  6 hobgoblins
  5 kobolds
  3 quokkas
  A ball python (D:2)
  7 bats
  8 frilled lizards
  6 rats
67 creatures vanquished.

Notes
Turn   | Place    | Note
-------+----------+-------------------------------------------
     0 | D:1      | JarielCorvus the Deep Elf Wizard began the quest for the Orb.
     0 | D:1      | Reached XP level 1. HP: 10/10 MP: 7/7
   264 | D:1      | Reached XP level 2. HP: 15/15 MP: 2/9
   324 | D:1      | Learned a level 2 spell: Blink
   327 | D:1      | Learned a level 2 spell: Call Imp
   459 | D:1      | Reached skill level 5 in Spellcasting
   660 | D:2      | Reached XP level 3. HP: 19/19 MP: 2/12
   756 | D:2      | Learned a level 3 spell: Conjure Flame
   760 | D:2      | Learned a level 3 spell: Mephitic Cloud
  1082 | D:3      | Noticed Turtleman12345's ghost (amateur TeCj)
  1095 | D:3      | Killed Turtleman12345's ghost
  1095 | D:3      | Reached skill level 6 in Spellcasting
  1095 | D:3      | Reached XP level 4. HP: 19/24 MP: 1/14
  1095 | D:3      | Reached XP level 5. HP: 22/28 MP: 1/16
  1305 | D:3      | Reached skill level 7 in Spellcasting
  1604 | D:3      | Noticed Ijyb
  1664 | D:3      | HP: 1/28 [hobgoblin (1)]
  2102 | D:3      | Killed Ijyb
  2473 | D:4      | Found a staircase to the Ecumenical Temple.
  2482 | D:4      | Reached XP level 6. HP: 31/32 MP: 11/18
  2494 | D:4      | Reached skill level 8 in Spellcasting
  2566 | Temple   | Entered the Ecumenical Temple
  2664 | Temple   | Became a worshipper of Vehumet
  2735 | D:5      | Entered Level 5 of the Dungeon
  2922 | D:4      | Mangled by a wyvern zombie

Skill      XL: |  1  2  3  4  5  6 |
---------------+-------------------+-----
Spellcasting   | 5 6 7 8 |  8.2
Conjurations   | 2 3 4 |  4.1
Dodging        | |  2.4
Stealth        | |  2.4
Summonings     | |  1.1
Translocations | |  1.1

Action                   |  1- 3 |  4- 6 || total
-------------------------+-------+-------++-------
Melee: Short sword       |     7 |     7 ||    14
 Cast: Magic Dart        |    89 |   113 ||   202
       Call Imp          |     2 |     2 ||     4
       Mephitic Cloud    |       |     3 ||     3
       Conjure Flame     |       |     2 ||     2
  Use: Scroll            |     7 |     4 ||    11
  Eat: Bread ration      |       |     1 ||     1
       Chunk             |       |     1 ||     1
Armor: Robe              |     1 |     5 ||     6
Dodge: Dodged            |     7 |    28 ||    35
